[Event "Titled Tuesday Blitz August 08 Early 2023"]
[White "Preobrazhenska_D2011"]
[Black "Rios Escobar, Adan"]
[BlackFideId "3403645"]
[WhiteElo "2206"]
[BlackElo "2449"]
[Result "1-0"]
[Round "4"]
[TimeControl "180+1"]
[Date "2023.08.08"]
[WhiteClock "0:00:08"]
[BlackClock "0:00:01"]
[Board "205"]

1. e4 c5 2. Nf3 d6 3. d4 cxd4 4. Nxd4 Nf6 5. Nc3 a6 6. Bg5 Nbd7 7. f4 g6 8. Qf3 Bg7 9. O-O-O O-O 10. g4 e5 11. Nb3 Qc7 12. f5 b5 13. Bxf6 Nxf6 14. g5 Nh5 15. f6 Bh8 16. Nd5 Ra7 17. Nxc7 Rxc7 18. Rxd6 Nf4 19. h4 Be6 20. h5 gxh5 21. Rxh5 Rfc8 22. Rh2 h6 23. Rhd2 hxg5 24. Rd8+ Kh7 25. Qh1+ Kg6 26. Qxh8 Nh5 27. Rg8+ Rxg8 28. Qxg8+ Kxf6 29. Qd8+ Re7 30. Nc5 Nf4 31. Rh2 Ng6 32. Rf2+ Kg7 33. Nxe6+ Rxe6 34. Qxg5 Kf8 35. Bh3 Rd6 36. Rf1 a5 37. Bf5 Nf4 38. Rh1 Ng6 39. Bxg6 fxg6 40. Rh8+ Kf7 41. Rh7+ Kg8 42. Qe7 Rd7 43. Qxd7 g5 44. Qg7# 1-0


[Site "https://www.chess.com"]

[Event "Titled Tuesday Blitz August 08 Early 2023"]
[White "LionKing2367890"]
[Black "Warchol, Kamil"]
[BlackFideId "21858241"]
[WhiteElo "2201"]
[BlackElo "2448"]
[Result "1-0"]
[Round "4"]
[TimeControl "180+1"]
[Date "2023.08.08"]
[WhiteClock "0:00:05"]
[BlackClock "0:00:00"]
[Board "206"]

1. e4 c5 2. Nf3 d6 3. d4 cxd4 4. Nxd4 Nf6 5. f3 Nc6 6. c4 g6 7. Nc3 Bg7 8. Be3 O-O 9. Be2 Qb6 10. Na4 Qc7 11. O-O Bd7 12. Nc3 Rac8 13. Qd2 Rfd8 14. Rac1 Qb8 15. Rfd1 Ne5 16. b3 a6 17. h3 Nc6 18. f4 e5 19. Nf3 Be6 20. Qc2 Nh5 21. fxe5 dxe5 22. Rxd8+ Rxd8 23. Rd1 Nf4 24. Bxf4 exf4 25. Nd5 Qa7+ 26. Kh1 Bxd5 27. exd5 Nb4 28. Qd2 Qb6 29. a3 Nc6 30. Qxf4 Qxb3 31. Rd3 Qb1+ 32. Kh2 Nb8 33. Qc7 Re8 34. Rd2 Qa1 35. d6 Be5+ 36. Nxe5 Qxe5+ 37. Kh1 Qa1+ 38. Kh2 Qe5+ 39. Kh1 Qa1+ 40. Rd1 Qe5 41. Bf3 Qe6 42. Bxb7 Qe5 43. Bf3 1-0


[Site "https://www.chess.com"]

[Event "Titled Tuesday Blitz August 08 Early 2023"]
[White "TrompeterImEther"]
[Black "Novita, Anjas"]
[BlackFideId "7100949"]
[WhiteElo "2447"]
[BlackElo "2208"]
[Result "1-0"]
[Round "4"]
[TimeControl "180+1"]
[Date "2023.08.08"]
[WhiteClock "0:00:58"]
[BlackClock "0:00:12"]
[Board "207"]

1. e4 c5 2. Nf3 d6 3. d4 cxd4 4. Nxd4 Nf6 5. Nc3 a6 6. f3 e5 7. Nb3 Be6 8. Be3 d5 9. exd5 Nxd5 10. Nxd5 Qxd5 11. Qxd5 Bxd5 12. O-O-O Bc6 13. Na5 Bb4 14. Nxc6 Nxc6 15. c3 Be7 16. Bd3 Rd8 17. Be4 O-O 18. g4 Rxd1+ 19. Rxd1 Rd8 20. Rxd8+ Bxd8 21. b4 Bc7 22. a4 Kf8 23. Kb2 Ke7 24. Kb3 g6 25. b5 axb5 26. axb5 Nd8 27. b6 Bd6 28. c4 Ne6 29. Ka4 Nc5+ 30. Bxc5 Bxc5 31. Kb5 Kd6 32. Bxb7 f5 33. gxf5 gxf5 34. Bd5 Bg1 35. h3 e4 36. fxe4 f4 37. Ka6 Bxb6 38. Kxb6 Ke5 39. c5 Kd4 40. c6 f3 41. Kb5 1-0


[Site "https://www.chess.com"]

[Event "Titled Tuesday Blitz August 08 Early 2023"]
[White "Mrudul Dehankar"]
[Black "Lisjak, Zlatko"]
[WhiteFideId "25096990"]
[BlackFideId "14502186"]
[WhiteElo "2443"]
[BlackElo "2185"]
[Result "1-0"]
[Round "4"]
[TimeControl "180+1"]
[Date "2023.08.08"]
[WhiteClock "0:00:03"]
[BlackClock "0:00:00"]
[Board "208"]

1. e4 c5 2. Nf3 e6 3. d4 cxd4 4. Nxd4 a6 5. Bd3 d6 6. Qe2 Nf6 7. O-O Be7 8. f4 O-O 9. Be3 Nbd7 10. b4 Re8 11. c4 Bf8 12. Nc3 b6 13. a3 Bb7 14. Rac1 g6 15. Nf3 Bg7 16. Bd4 e5 17. fxe5 Nxe5 18. Nxe5 dxe5 19. Be3 Ng4 20. Nd5 Nxe3 21. Qxe3 b5 22. Qf3 Rf8 23. Be2 Bc6 24. Rcd1 Qh4 25. c5 a5 26. g3 Qh3 27. Bd3 axb4 28. axb4 Ra3 29. Ne7+ Kh8 30. Nxc6 Qd7 31. Nxe5 Qd4+ 32. Kh1 Qxe5 33. Qe2 h5 34. Bxb5 Rfa8 35. Rd5 Qe7 36. Bc4 Rc3 37. Rfd1 Raa3 38. Rd7 Qf6 39. Rxf7 Qg5 40. Bd5 Re3 41. Qf2 1-0


[Site "https://www.chess.com"]

[Event "Titled Tuesday Blitz August 08 Early 2023"]
[White "Kassimov, Baurzhan"]
[Black "Araujo Filho, Luiz Antonio Coel"]
[WhiteFideId "13704800"]
[BlackFideId "2130661"]
[WhiteElo "2442"]
[BlackElo "2181"]
[Result "1-0"]
[Round "4"]
[TimeControl "180+1"]
[Date "2023.08.08"]
[WhiteClock "0:00:32"]
[BlackClock "0:00:00"]
[Board "209"]

1. e4 c6 2. Nf3 d5 3. Nc3 dxe4 4. Nxe4 Nf6 5. Ng3 e6 6. d4 Be7 7. Bd3 O-O 8. O-O Nbd7 9. Qe2 Qc7 10. c4 c5 11. d5 Nb6 12. Re1 Re8 13. dxe6 Bxe6 14. b3 Bg4 15. Bb2 Nbd7 16. Bf5 Bd6 17. Qd3 Bxf5 18. Nxf5 Be5 19. Nxe5 Nxe5 20. Qg3 Nfg4 21. Rxe5 Rxe5 22. Qxg4 g6 23. Ne3 Re6 24. h4 Rae8 25. Re1 Re4 26. Qg5 Qf4 27. Qxf4 Rxf4 28. g3 Rfe4 29. Rd1 f5 30. Kg2 b6 31. Nd5 Re2 32. Nf6+ Kf7 33. Nxe8 Kxe8 34. Rb1 Kd7 35. a4 Rc2 36. Be5 Kc6 37. Kf3 1-0


[Site "https://www.chess.com"]

[Event "Titled Tuesday Blitz August 08 Early 2023"]
[White "Falbo, Sandro"]
[Black "Kazakov, Mikhail"]
[WhiteFideId "810444"]
[BlackFideId "14102749"]
[WhiteElo "2175"]
[BlackElo "2441"]
[Result "1-0"]
[Round "4"]
[TimeControl "180+1"]
[Date "2023.08.08"]
[WhiteClock "0:00:01"]
[BlackClock "0:00:00"]
[Board "210"]

1. c4 Nf6 2. Nc3 e6 3. e4 d6 4. d4 Nc6 5. Be2 e5 6. d5 Nb8 7. Be3 Be7 8. h3 a5 9. Nf3 Na6 10. Nd2 b6 11. g4 Nd7 12. Nf1 Bg5 13. Qd2 Bxe3 14. Nxe3 Nac5 15. Nf5 O-O 16. O-O-O a4 17. g5 Re8 18. Rhg1 Nf8 19. Bd3 Bxf5 20. exf5 e4 21. Be2 Qe7 22. Nb5 a3 23. b4 Na6 24. Qc3 Qe5 25. Kc2 Qxf5 26. Rdf1 Ng6 27. Bg4 Qf4 28. Bd7 Re7 29. Bc6 Rb8 30. Kb3 Ne5 31. Nd4 Nf3 32. Nxf3 exf3 33. Re1 Re2 34. Rxe2 fxe2 35. Re1 Qxf2 36. Qd2 Rd8 37. Rxe2 Qg3+ 38. Re3 Qg1 39. Qe2 g6 40. Re8+ Rxe8 41. Qxe8+ Kg7 42. Qe2 Qxg5 43. Kxa3 Qg3+ 44. Ka4 Qc3 45. a3 Nb8 46. Bb5 h5 47. Qe8 1-0


[Site "https://www.chess.com"]

[Event "Titled Tuesday Blitz August 08 Early 2023"]
[White "Novikov, Evgenij"]
[Black "Grigoryan, Meri"]
[WhiteFideId "4125380"]
[BlackFideId "13300571"]
[WhiteElo "2441"]
[BlackElo "2175"]
[Result "1-0"]
[Round "4"]
[TimeControl "180+1"]
[Date "2023.08.08"]
[WhiteClock "0:00:04"]
[BlackClock "0:00:00"]
[Board "211"]

1. e4 e5 2. f4 d5 3. d4 dxe4 4. fxe5 Bf5 5. Ne2 Nc6 6. Be3 f6 7. Ng3 Qd7 8. Be2 fxe5 9. O-O Bg6 10. Bg4 Qd6 11. Nc3 Nf6 12. d5 Nb4 13. Rxf6 gxf6 14. Ngxe4 Qe7 15. a3 Na6 16. d6 Qg7 17. Bh6 Qf7 18. d7+ Kd8 19. Qf3 f5 20. Bg5+ Be7 21. Bxe7+ Qxe7 22. Bxf5 Rf8 23. g4 c6 24. Rd1 Nc7 25. b4 a5 26. b5 cxb5 27. Nd5 Qxa3 28. Qxa3 b4 29. Nxb4 axb4 30. Qxb4 1-0


[Site "https://www.chess.com"]

[Event "Titled Tuesday Blitz August 08 Early 2023"]
[White "Rakhimgaliyev, Yerlan"]
[Black "Fominykh, Maria"]
[WhiteFideId "13705148"]
[BlackFideId "4142411"]
[WhiteElo "2441"]
[BlackElo "2170"]
[Result "0-1"]
[Round "4"]
[TimeControl "180+1"]
[Date "2023.08.08"]
[WhiteClock "0:00:43"]
[BlackClock "0:00:03"]
[Board "212"]

1. e4 e6 2. d4 d5 3. Nc3 Nf6 4. Bg5 dxe4 5. Nxe4 Be7 6. Bxf6 gxf6 7. Nf3 f5 8. Nc3 a6 9. d5 c6 10. dxe6 Qxd1+ 11. Rxd1 fxe6 12. Be2 Nd7 13. Nd4 Nf6 14. f4 Rg8 15. g3 Nd5 16. Bc4 Ne3 17. Nxe6 Nxc4 18. Nc7+ Kf7 19. Nxa8 Bb4 20. a3 Re8+ 21. Kf2 Bc5+ 22. Kf3 Nxb2 23. Rde1 Rd8 24. Nd1 Nc4 25. Nf2 Be6 26. Nd3 Rxa8 27. Nxc5 Bd5+ 28. Kf2 Nxa3 29. Nxb7 Bxh1 30. Nd6+ Kf6 31. Rxh1 Nxc2 32. Rc1 Nd4 33. Rc4 Nb5 34. Nb7 Rc8 35. Na5 c5 36. Nb3 Nd6 37. Rxc5 Ne4+ 38. Ke3 Nxc5 39. Nd4 Ne6 40. Ne2 Rc4 41. Kd3 Re4 42. Nc3 Rd4+ 43. Ke3 Rd6 44. Ne4+ fxe4 45. Kxe4 a5 0-1


[Site "https://www.chess.com"]

[Event "Titled Tuesday Blitz August 08 Early 2023"]
[White "Kirillov, Dmitry"]
[Black "Kuchava, Ana"]
[WhiteFideId "34180572"]
[BlackFideId "13605348"]
[WhiteElo "2439"]
[BlackElo "2160"]
[Result "1-0"]
[Round "4"]
[TimeControl "180+1"]
[Date "2023.08.08"]
[WhiteClock "0:01:57"]
[BlackClock "0:00:00"]
[Board "213"]

1. e4 c5 2. Nc3 Nc6 3. f4 e6 4. Nf3 d5 5. Bb5 Nf6 6. e5 Ng8 7. Ne2 Bd7 8. c3 Nge7 9. O-O a6 10. Bxc6 Nxc6 11. d4 Be7 12. Be3 c4 13. Qd2 b5 14. a3 h5 15. Ng5 Bxg5 16. fxg5 g6 17. Rf6 Ne7 18. Raf1 Nf5 19. Ng3 Qc7 20. Nxf5 exf5 21. e6 Bxe6 22. Bf4 Qd7 23. Qe3 O-O 24. Be5 a5 25. h3 b4 26. Qf4 Ra7 27. g4 fxg4 28. hxg4 Bxg4 29. Rxg6+ 1-0


[Site "https://www.chess.com"]

[Event "Titled Tuesday Blitz August 08 Early 2023"]
[White "Harriott, Tyrell"]
[Black "Feliz Dotel, Dewar Bienvenido"]
[WhiteFideId "2086484"]
[BlackFideId "6402801"]
[WhiteElo "2438"]
[BlackElo "2154"]
[Result "0-1"]
[Round "4"]
[TimeControl "180+1"]
[Date "2023.08.08"]
[WhiteClock "0:00:56"]
[BlackClock "0:00:58"]
[Board "214"]

1. d4 d5 2. e3 e6 3. Bd3 c5 4. c3 Nc6 5. f4 Nf6 6. Nf3 Bd6 7. O-O Qc7 8. Ne5 Ne7 9. Nd2 O-O 10. Qf3 b6 11. g4 Bb7 12. g5 Ne4 13. Qh5 g6 14. Qh3 Bxe5 15. Bxe4 dxe4 16. fxe5 cxd4 17. cxd4 Nf5 18. Rf2 Rac8 19. Nf1 Qxc1 20. Rxc1 Rxc1 21. Kg2 Re1 22. Rc2 Ba6 23. Rf2 Rc8 24. Qg4 Bxf1+ 0-1


[Site "https://www.chess.com"]

[Event "Titled Tuesday Blitz August 08 Early 2023"]
[White "Putri, Regita Desyari"]
[Black "WindWhistler11"]
[WhiteFideId "7109083"]
[WhiteElo "2154"]
[BlackElo "2434"]
[Result "0-1"]
[Round "4"]
[TimeControl "180+1"]
[Date "2023.08.08"]
[WhiteClock "0:00:00"]
[BlackClock "0:00:34"]
[Board "215"]

1. d4 Nf6 2. c4 e6 3. Nf3 c5 4. d5 exd5 5. cxd5 Bd6 6. Nc3 O-O 7. Bg5 Re8 8. e3 Bc7 9. d6 Ba5 10. Bc4 h6 11. Bh4 b6 12. O-O Bxc3 13. bxc3 Ba6 14. Bxa6 Nxa6 15. Qd3 Nb8 16. Rfe1 Nc6 17. e4 g5 18. Bg3 Nh5 19. e5 Re6 20. Qf5 Qf8 21. Re4 Rae8 22. Rae1 Qg7 23. h3 Nxg3 24. fxg3 b5 25. h4 Qg6 26. g4 gxh4 27. Nxh4 Qxf5 28. Nxf5 Kh7 29. g5 Rxe5 30. Rxe5 Rxe5 31. Rxe5 Nxe5 32. Nxh6 Kg6 33. Ng8 Kxg5 34. Ne7 Kf6 35. Nc8 a6 36. Kf2 Nd3+ 37. Ke3 Nc1 38. a3 Ke6 39. Kd2 Nb3+ 40. Kc2 Na5 41. Kd3 Nc4 42. a4 Nxd6 0-1


[Site "https://www.chess.com"]

[Event "Titled Tuesday Blitz August 08 Early 2023"]
[White "Sliwicki, Damian"]
[Black "Thorsteinsdottir, Hallgerdur"]
[WhiteFideId "1127128"]
[BlackFideId "2302454"]
[WhiteElo "2430"]
[BlackElo "2134"]
[Result "0-1"]
[Round "4"]
[TimeControl "180+1"]
[Date "2023.08.08"]
[WhiteClock "0:00:05"]
[BlackClock "0:00:47"]
[Board "216"]

1. e4 d5 2. exd5 Qxd5 3. Nf3 Nf6 4. d4 Bg4 5. Be2 e6 6. O-O Be7 7. c4 Qd8 8. h3 Bh5 9. Nc3 c6 10. Bf4 O-O 11. Qd2 Nbd7 12. Rad1 Nb6 13. b3 Bg6 14. Ne5 Ne4 15. Nxe4 Bxe4 16. Qe3 Bg6 17. Bf3 a5 18. d5 cxd5 19. cxd5 Nxd5 20. Bxd5 exd5 21. Nxg6 hxg6 22. Qf3 d4 23. Qxb7 Bf6 24. Rfe1 Qc8 25. Qd5 Rd8 26. Qf3 Qc2 27. Be5 Bxe5 28. Rxe5 Qxa2 29. Rxd4 Qa1+ 30. Kh2 Qxd4 31. Qg3 a4 32. bxa4 Rxa4 33. f3 Qf4 34. Re7 Rd1 35. Re8+ Kh7 36. Qxf4 Rxf4 37. Kg3 Rf5 38. h4 Rd2 39. Kg4 Rxg2+ 40. Kh3 Rg1 41. Kh2 Rf1 42. h5 R1xf3 43. Kg2 Rf2+ 44. Kg3 Rf1 45. hxg6+ Kxg6 46. Kg4 Rg5+ 47. Kh4 Rh1# 0-1


[Site "https://www.chess.com"]

[Event "Titled Tuesday Blitz August 08 Early 2023"]
[White "Namitbir Singh Walia"]
[Black "Haukenfrers, Dale"]
[WhiteFideId "35071068"]
[BlackFideId "2603780"]
[WhiteElo "2428"]
[BlackElo "2119"]
[Result "1/2-1/2"]
[Round "4"]
[TimeControl "180+1"]
[Date "2023.08.08"]
[WhiteClock "0:00:10"]
[BlackClock "0:00:06"]
[Board "217"]

1. e4 d6 2. d4 g6 3. Nc3 c6 4. Nf3 b5 5. a3 Bb7 6. Bf4 Nf6 7. Bd3 Nh5 8. Be3 a6 9. Qd2 Qc7 10. O-O-O Nd7 11. Kb1 Bg7 12. Rhe1 O-O 13. Bh6 Nb6 14. e5 c5 15. dxc5 dxc5 16. Bxg7 Kxg7 17. Be4 Nc4 18. Qg5 b4 19. axb4 cxb4 20. Nd5 Bxd5 21. Bxd5 Nxb2 22. Kxb2 Qc3+ 23. Kb1 b3 24. Bxb3 Rab8 25. Re3 Qb4 26. Rd4 Qa3 27. Nh4 Rfd8 28. Qg4 a5 29. Red3 Rxd4 30. Qxd4 a4 31. e6+ f6 32. Qc4 axb3 33. Rxb3 Rxb3+ 34. Qxb3 Qd6 35. Nf3 Nf4 36. g3 Nxe6 37. Kb2 Nc5 38. Qa3 Ne4 39. Qd3 Qxd3 40. cxd3 Nd6 41. Kc3 e5 42. d4 Ne4+ 43. Kc4 exd4 44. Kxd4 Nxf2 45. h4 Ng4 46. Ke4 f5+ 47. Kf4 h6 48. Ne5 Nxe5 49. Kxe5 Kf7 50. h5 gxh5 51. Kxf5 Kg7 52. Kf4 Kf6 53. Ke4 Kg5 54. Kf3 Kf5 55. Kg2 Kg4 56. Kh2 h4 57. gxh4 Kxh4 58. Kh1 Kg3 59. Kg1 Kh3 60. Kh1 Kg3 61. Kg1 h5 62. Kh1 h4 63. Kg1 h3 64. Kh1 h2 1/2-1/2


[Site "https://www.chess.com"]

[Event "Titled Tuesday Blitz August 08 Early 2023"]
[White "Begunov, Konstantin"]
[Black "Novikova, Margarita"]
[WhiteFideId "4118510"]
[BlackFideId "14109689"]
[WhiteElo "2423"]
[BlackElo "2117"]
[Result "1-0"]
[Round "4"]
[TimeControl "180+1"]
[Date "2023.08.08"]
[WhiteClock "0:00:05"]
[BlackClock "0:00:26"]
[Board "218"]

1. d4 d5 2. c4 e6 3. Nc3 Nf6 4. cxd5 exd5 5. Bg5 Be7 6. e3 c6 7. Qc2 h6 8. Bh4 Be6 9. Nf3 Nbd7 10. Bd3 Bg4 11. O-O-O Bxf3 12. gxf3 Qa5 13. e4 g5 14. Bg3 Nh5 15. exd5 Nxg3 16. hxg3 cxd5 17. Rde1 Kf8 18. Qb3 Nb6 19. Re5 Rd8 20. Rhe1 Bf6 21. Rf5 Bxd4 22. Kb1 Qc5 23. Be4 Nc4 24. Rd1 dxe4 25. Rxc5 Nb6 26. Nxe4 Kg7 27. Rcc1 Be5 28. g4 h5 29. Rxd8 Rxd8 30. Rd1 Rc8 31. gxh5 Bf4 32. a3 Nc4 33. Qb5 a6 34. Qf5 Rc7 35. Qf6+ Kg8 36. Rd8+ 1-0


[Site "https://www.chess.com"]

[Event "Titled Tuesday Blitz August 08 Early 2023"]
[White "Kukreja Sankalp"]
[Black "Semenova, Alina"]
[WhiteFideId "45027676"]
[BlackFideId "24113875"]
[WhiteElo "2423"]
[BlackElo "2087"]
[Result "1-0"]
[Round "4"]
[TimeControl "180+1"]
[Date "2023.08.08"]
[WhiteClock "0:00:36"]
[BlackClock "0:00:51"]
[Board "219"]

1. e4 e6 2. d4 d5 3. Nc3 Bb4 4. Ne2 dxe4 5. a3 Be7 6. Nxe4 Nf6 7. N2c3 O-O 8. Bd3 Nbd7 9. O-O h6 10. Qe2 c5 11. dxc5 Nxc5 12. Nxc5 Bxc5 13. Bf4 Bd6 14. Bxd6 Qxd6 15. Rad1 Qb6 16. b3 Bd7 17. Ne4 Nxe4 18. Qxe4 g6 19. Qf4 Kh7 20. Bxg6+ Kxg6 21. Rxd7 Rad8 22. Rfd1 Rxd7 23. Rxd7 Qa5 24. h4 h5 25. Rxb7 Qxa3 26. Qg5+ Kh7 27. Qxh5+ Kg7 28. Rb5 Qc1+ 29. Kh2 Qf4+ 30. Kh1 Qc1+ 31. Kh2 Qf4+ 32. Kh3 f5 33. Rb7+ Kf6 34. g3 Qe4 35. Qg5+ Ke5 36. Qg7+ Kd5 37. Rb5+ Kc6 38. Qb7+ Kd6 39. Qa6+ Ke7 40. Rb7+ Kf6 41. Qa1+ e5 42. Qa6+ 1-0


[Site "https://www.chess.com"]

[Event "Titled Tuesday Blitz August 08 Early 2023"]
[White "Chincholimath, Halsagar"]
[Black "Gutkin, Ilya"]
[WhiteFideId "5022487"]
[BlackFideId "16203470"]
[WhiteElo "2085"]
[BlackElo "2423"]
[Result "0-1"]
[Round "4"]
[TimeControl "180+1"]
[Date "2023.08.08"]
[WhiteClock "0:00:00"]
[BlackClock "0:00:37"]
[Board "220"]

1. e4 e5 2. Nf3 Nc6 3. Nc3 Nf6 4. d4 exd4 5. Nxd4 Bb4 6. Nxc6 bxc6 7. Bd3 d5 8. O-O Bxc3 9. bxc3 dxe4 10. Qe2 O-O 11. Bxe4 Re8 12. f3 Nxe4 13. fxe4 Qh4 14. e5 Be6 15. Qf3 Qg4 16. Qxc6 Rad8 17. Qf3 Qxf3 18. gxf3 Bc4 19. Re1 f6 20. Bf4 fxe5 21. Bxe5 c6 22. f4 Rd2 23. Rad1 Rxc2 24. Rd7 Bf7 25. Rxa7 Rxa2 26. Re3 Rd8 27. Rxa2 Rd1+ 28. Kg2 Bxa2 29. Bd4 Bd5+ 30. Kg3 Kf7 31. Re5 Rd3+ 32. Kh4 g6 33. Re3 Rd2 34. Bc5 Rxh2+ 35. Kg3 Rg2+ 36. Kh3 Rc2 37. Re7+ Kf6 38. Rxh7 Rxc3+ 39. Kg4 Rxc5 0-1


[Site "https://www.chess.com"]

[Event "Titled Tuesday Blitz August 08 Early 2023"]
[White "Yuruultei Batbaatar"]
[Black "Vedder, Richard"]
[WhiteFideId "4905962"]
[BlackFideId "1004166"]
[WhiteElo "2064"]
[BlackElo "2419"]
[Result "1-0"]
[Round "4"]
[TimeControl "180+1"]
[Date "2023.08.08"]
[WhiteClock "0:01:31"]
[BlackClock "0:02:12"]
[Board "221"]

1. d4 d5 2. c4 dxc4 3. Nf3 c5 4. e3 e6 5. Bxc4 Nc6 6. O-O Nf6 7. Nc3 cxd4 8. exd4 Be7 9. Bg5 O-O 10. a3 Na5 11. Ba2 b6 12. Qd3 Bb7 13. Ne5 Nd5 14. Bxd5 Bxg5 15. Bxb7 Nxb7 16. Rfd1 Qd6 17. Ne4 Qe7 18. Nc6 Qe8 19. Nxg5 f5 20. Rac1 Nd6 21. d5 e5 22. Ne6 Rf6 23. Nxe5 1-0


[Site "https://www.chess.com"]

[Event "Titled Tuesday Blitz August 08 Early 2023"]
[White "Hrbek, Stepan"]
[Black "sasvathaa"]
[WhiteFideId "393479"]
[WhiteElo "2419"]
[BlackElo "2046"]
[Result "1-0"]
[Round "4"]
[TimeControl "180+1"]
[Date "2023.08.08"]
[WhiteClock "0:00:12"]
[BlackClock "0:00:25"]
[Board "222"]

1. d4 Nf6 2. Nf3 d5 3. Bf4 Bf5 4. e3 e6 5. c4 c6 6. Nc3 Bb4 7. Bd3 Ne4 8. Bxe4 Bxe4 9. O-O Bxc3 10. bxc3 dxc4 11. Ne5 b5 12. Qg4 O-O 13. h4 f5 14. Qg3 Nd7 15. f3 Bc2 16. Nxc6 Qf6 17. Ne5 Nxe5 18. Bxe5 Qf7 19. Rae1 a5 20. e4 b4 21. d5 exd5 22. exd5 b3 23. Rf2 a4 24. Bd4 a3 25. h5 h6 26. Rxc2 bxc2 27. Rc1 Rfb8 28. Rxc2 Rb2 29. Rc1 Rxa2 30. Re1 Rb2 31. Qd6 Rb7 32. Bc5 a2 33. Bd4 a1=Q 34. Rxa1 Rxa1+ 35. Kf2 Ra8 36. Qe5 Re8 37. Qd6 Rd7 38. Qc6 Rxd5 39. Qxc4 Rxd4 40. Qxd4 Qe7 41. c4 Qe5 42. Qd3 Qb2+ 43. Kg3 Qe5+ 44. Kh3 f4 45. Qg6 Qg5 46. Qxe8+ Kh7 47. Qg6+ Qxg6 48. hxg6+ Kxg6 49. Kg4 Kf6 50. Kxf4 Ke6 51. Kg4 Kd6 52. Kf5 Kc5 53. Kg6 Kxc4 54. Kxg7 Kd4 55. Kxh6 Ke3 56. Kg5 Kf2 57. f4 Kxg2 58. f5 Kg3 59. f6 Kf3 60. f7 Ke4 61. f8=Q Kd5 62. Kf5 Kc6 63. Ke5 Kb7 64. Kd5 Ka7 65. Kc6 Ka6 66. Qa8# 1-0


[Site "https://www.chess.com"]

[Event "Titled Tuesday Blitz August 08 Early 2023"]
[White "Al Mutairi, Hassan S"]
[Black "Toktomushev, Teimur"]
[WhiteFideId "21500193"]
[BlackFideId "14176726"]
[WhiteElo "1709"]
[BlackElo "2418"]
[Result "0-1"]
[Round "4"]
[TimeControl "180+1"]
[Date "2023.08.08"]
[WhiteClock "0:00:29"]
[BlackClock "0:00:13"]
[Board "223"]

1. e4 c5 2. Nf3 e6 3. d4 cxd4 4. Nxd4 a6 5. Nc3 b5 6. Bd3 Bb7 7. O-O Nc6 8. Be3 Nf6 9. a3 Qc7 10. f4 Bc5 11. Nce2 Ng4 12. Qd2 Nxe3 13. Qxe3 d6 14. b4 Ba7 15. c3 e5 16. fxe5 dxe5 17. Qg5 exd4 18. Qxg7 dxc3+ 19. Kh1 O-O-O 20. Nf4 Ne5 21. Be2 Bxe4 22. Rac1 Be3 23. Bg4+ Kb8 24. Rce1 Rhg8 25. Qf6 Nxg4 26. Qxa6 Bb7 27. Qxb5 Bxf4 28. h3 Ne3 29. Rf3 Nxg2 30. Rc1 Nh4 31. Rxc3 Nxf3 32. Rxf3 Rd1+ 33. Qf1 Rxf1# 0-1


[Site "https://www.chess.com"]

[Event "Titled Tuesday Blitz August 08 Early 2023"]
[White "Maung, Maung Kyaw Zaw Hein"]
[Black "Ibadov, Dashgyn"]
[WhiteFideId "13001698"]
[BlackFideId "24107514"]
[WhiteElo "2333"]
[BlackElo "2538"]
[Result "0-1"]
[Round "4"]
[TimeControl "180+1"]
[Date "2023.08.08"]
[WhiteClock "0:00:05"]
[BlackClock "0:00:03"]
[Board "224"]

1. Nf3 d5 2. d4 Nf6 3. c4 e6 4. Nc3 c6 5. e3 Nbd7 6. b3 Bb4 7. Bb2 Ne4 8. Qc2 Qa5 9. Rc1 b6 10. Bd3 Bxc3+ 11. Bxc3 Qxc3+ 12. Qxc3 Nxc3 13. Rxc3 Bb7 14. cxd5 exd5 15. O-O Ke7 16. e4 Rac8 17. Rfc1 f6 18. exd5 cxd5 19. Kf1 Kd6 20. Rxc8 Bxc8 21. a4 g6 22. b4 Bb7 23. h4 Rc8 24. Rxc8 Bxc8 25. h5 Nf8 26. Ke2 Bd7 27. a5 bxa5 28. bxa5 Ne6 29. Ke3 Be8 30. Nh4 f5 31. g3 Nd8 32. Nf3 Nc6 33. a6 Bd7 34. Ng5 gxh5 35. Nxh7 Nb4 36. Bb1 Nxa6 37. Nf6 Nb4 38. Nxh5 a5 39. Kd2 Nc6 40. Kc3 Ke6 41. Nf4+ Kd6 42. Ba2 Be6 43. f3 Bf7 44. Nd3 Nd8 45. Ne5 Be6 46. g4 fxg4 47. fxg4 Nf7 48. g5 Nxe5 49. dxe5+ Kxe5 50. g6 d4+ 51. Kb2 Bxa2 52. Kxa2 Kf6 0-1


[Site "https://www.chess.com"]

[Event "Titled Tuesday Blitz August 08 Early 2023"]
[White "Chor, Kevin"]
[Black "Villuendas Valero, Adrian"]
[WhiteFideId "2090740"]
[BlackFideId "2262460"]
[WhiteElo "2509"]
[BlackElo "2321"]
[Result "1-0"]
[Round "4"]
[TimeControl "180+1"]
[Date "2023.08.08"]
[WhiteClock "0:00:03"]
[BlackClock "0:00:12"]
[Board "225"]

1. e4 e6 2. d4 d5 3. Nd2 dxe4 4. Nxe4 Bd7 5. Nf3 Bc6 6. Bd3 Nd7 7. Qe2 Ngf6 8. Ng3 Bd6 9. O-O Bxf3 10. Qxf3 c6 11. c4 O-O 12. a3 Qc7 13. b4 a5 14. Bd2 axb4 15. axb4 Rxa1 16. Rxa1 b5 17. cxb5 cxb5 18. Bxb5 Qb6 19. Qc6 Rb8 20. Qxb6 Rxb6 21. Ra6 Bxg3 22. Rxb6 Bxh2+ 23. Kxh2 Nxb6 24. Bc6 Nfd5 25. b5 f5 26. Kg3 Kf7 27. Bf4 Nxf4 28. Kxf4 Kf6 29. Ke3 g5 30. Kd3 Ke7 31. Kc3 Kd6 32. Kb4 h5 33. Ka5 Kc7 34. Be8 h4 35. Bf7 g4 36. Bxe6 h3 37. gxh3 gxh3 38. Bxf5 h2 39. Be4 Nc4+ 40. Ka6 Nb6 41. d5 Nc4 42. f4 Nd6 43. b6+ Kb8 44. Bh1 Nf5 45. Kb5 Kb7 46. d6+ Kc8 47. Kc6 Nd4+ 48. Kd5 Nb5 49. f5 Nc3+ 50. Ke6 Ne4 51. Bxe4 1-0


[Site "https://www.chess.com"]

[Event "Titled Tuesday Blitz August 08 Early 2023"]
[White "MateoReyes"]
[Black "Ncatt"]
[WhiteElo "2465"]
[BlackElo "2318"]
[Result "0-1"]
[Round "4"]
[TimeControl "180+1"]
[Date "2023.08.08"]
[WhiteClock "0:00:09"]
[BlackClock "0:00:33"]
[Board "226"]

1. Nf3 d5 2. d4 Nf6 3. c4 c6 4. Nc3 e6 5. cxd5 exd5 6. Bg5 h6 7. Bh4 Be7 8. e3 Ne4 9. Bxe7 Qxe7 10. Bd3 O-O 11. Qc2 Nd6 12. O-O Nd7 13. Rae1 Nf6 14. Ne5 g6 15. f3 Be6 16. e4 Rac8 17. Nxg6 fxg6 18. e5 Nf5 19. exf6 Qxf6 20. Bxf5 Qxd4+ 21. Kh1 Bxf5 22. Qc1 Qg7 23. Ne2 Bd3 24. Qd2 Ba6 25. Rf2 Rce8 26. Ng3 h5 27. Nf1 Qf7 28. Rc1 Re6 29. h3 Rfe8 30. Qg5 Re5 31. Qg3 Qf6 32. Nd2 Re2 33. Nb3 h4 34. Rxe2 Rxe2 35. Qb8+ Kh7 36. Qc7+ Qe7 37. Qf4 Rxb2 38. Nd4 Rxa2 39. Kh2 Ra4 40. Qd2 Qe5+ 41. Kh1 Qxd4 42. Qg5 Ra1 43. Qe7+ Kh6 44. Qf8+ Kg5 45. f4+ Qxf4 46. Qxf4+ Kxf4 47. Rxa1 d4 48. Kg1 Ke3 49. Re1+ Kd2 50. Kf2 c5 51. Re5 c4 52. Re4 d3 53. Rxh4 c3 54. Rh8 c2 55. Rc8 c1=Q 0-1


[Site "https://www.chess.com"]

[Event "Titled Tuesday Blitz August 08 Early 2023"]
[White "Sariego Figueredo, Wilfredo"]
[Black "Polaczek, Richard"]
[WhiteFideId "3500080"]
[BlackFideId "200026"]
[WhiteElo "2269"]
[BlackElo "2395"]
[Result "1-0"]
[Round "4"]
[TimeControl "180+1"]
[Date "2023.08.08"]
[WhiteClock "0:00:13"]
[BlackClock "0:00:00"]
[Board "227"]

1. d4 Nf6 2. Bf4 d5 3. e3 c5 4. c3 Nc6 5. Nd2 e6 6. Ngf3 Bd6 7. Bg3 O-O 8. Bd3 b6 9. Ne5 Bb7 10. f4 Ne7 11. Bh4 Nf5 12. Bf2 Be7 13. O-O Nd6 14. Bh4 Nf5 15. Bf2 Ne4 16. Nxe4 dxe4 17. Bb5 Qc7 18. Rc1 Nd6 19. Ba4 b5 20. Bc2 c4 21. Bb1 Bd5 22. Qe1 a5 23. Bh4 Bxh4 24. Qxh4 f6 25. Ng4 Nf5 26. Qe1 Rab8 27. Nf2 Qc6 28. Qd2 Rf7 29. Bc2 b4 30. Bd1 Qb6 31. Bg4 Nd6 32. Nd1 g6 33. Rf2 h5 34. Be2 Nf5 35. Bf1 Qc6 36. h3 h4 37. b3 bxc3 38. Qxc3 Qb6 39. bxc4 Ba8 40. c5 Qb4 41. Rfc2 Rc7 42. Qxb4 Rxb4 43. Kf2 Bd5 44. Be2 a4 45. Nc3 a3 46. Nxd5 1-0


[Site "https://www.chess.com"]